 Dungeon Crawl Stone Soup version 0.30.1-11-g7821555f0a (webtiles) character file.

Game seed: 7891007954957262375

5041 hawla the Magician (level 10, 0/106 HPs)
             Began as a Demonspawn Fire Elementalist on Jan 3, 2024.
             Was a Priest of Vehumet.
             Slain by a death yak (4 damage)
             ... on level 8 of the Dungeon.
             The game lasted 00:28:49 (8392 turns).

hawla the Magician (Demonspawn Fire Elementalist)   Turns: 8392, Time: 00:28:49

Health: 0/106      AC: 25    Str:  8    XL:     10   Next: 30%
Magic:  22/29      EV:  2    Int: 24    God:    Vehumet [***...]
Gold:   199        SH:  0    Dex: 13    Spells: 9/23 levels left

rFire   . . .        r - +4 quarterstaff (chaos)
rCold   . . .        (shield currently unavailable)
rNeg    . . .        w - melded +0 steam dragon scales
rPois   +            f - melded +0 helmet
rElec   .            b - melded +0 cloak {Stlth+}
rCorr   .            (gloves currently unavailable)
SInv    .            u - melded +0 pair of boots
Will    .....        (no amulet)
Stlth   ++           o - ring of poison resistance
HPRegen 0.37/turn    g - ring of magical power
MPRegen 0.21/turn

%: no passive effects
@: agile, tree-form
A: stationary, stasis, torment immunity, boosted hp, rugged brown scales 3,
powered by pain 2, (demonic touch 1), clever 1, screaming 1, subdued magic 1
a: Renounce Religion


You were on level 8 of the Dungeon.
You worshipped Vehumet.
Vehumet was most pleased with you.
You were a tree.
You visited 2 branches of the dungeon, and saw 9 of its levels.

You collected 391 gold pieces.
You spent 192 gold pieces at shops.

Inventory:

Hand Weapons
 d - a +2 vampiric trident
 r - a +4 quarterstaff of chaos (weapon)
 z - a +1 trident of venom
Missiles
 k - 8 poisoned darts
 G - 9 curare-tipped darts
Armour
 b - a +0 cloak of stealth (melded)
 f - a +0 helmet (melded)
 u - a +0 pair of boots (melded)
 w - +0 steam dragon scales (melded)
Jewellery
 c - a ring of see invisible
 g - a ring of magical power (right branch)
 i - a ring of ice
 j - a ring of wizardry
 o - a ring of poison resistance (left branch)
 p - a +5 ring of evasion
 E - a ring of willpower
Wands
 e - a wand of flame (19) (quivered)
 v - a wand of paralysis (25)
Scrolls
 q - a scroll of identify
 t - a scroll of amnesia
 y - 3 scrolls of teleportation
 H - a scroll of poison
Potions
 h - 2 potions of brilliance
 l - 3 potions of attraction {unknown}
 m - a potion of invisibility {unknown}
 n - 3 potions of might
 x - a potion of haste {unknown}


   Skills:
 - Level 2.1 Fighting
 + Level 1.0(1.5) Polearms
 + Level 1.7(2.0) Staves
 - Level 3.9 Dodging
 - Level 3.1 Stealth
 - Level 7.0 Spellcasting
 - Level 5.0 Conjurations
 - Level 6.4 Fire Magic
 - Level 3.7 Earth Magic
 * Level 6.7 Poison Magic
 - Level 3.0 Evocations


You had 9 spell levels left.
You knew the following spells:

 Your Spells              Type           Power      Damage    Failure   Level
a - Foxfire               Conj/Fire      100%       2x1d9     1%          1
b - Scorch                Fire           60%        2d7       1%          2
c - Flame Wave            Conj/Fire      27%        2d9       1%          4
d - Stone Arrow           Conj/Erth      44%        3d9       1%          3
e - Olgreb's Toxic Radia  Pois           31%        N/A       1%          4

Your spell library contained the following spells:

 Spells                   Type           Power      Damage    Failure   Level
 Momentum Strike          Conj/Tloc      30%        3d8       1%          2
 Sandblast                Erth           40%        2d10      1%          1
 Sting                    Tmut/Pois      76%        1d6       1%          1
 Poisonous Vapours        Pois/Air       38%        N/A       1%          2
 Inner Flame              Hex/Fire       18%        N/A       1%          3
 Volatile Blastmotes      Fire/Tloc      36%        2d13      1%          3
 Sticky Flame             Conj/Fire      27%        2d5       1%          4
 Passwall                 Tmut/Erth      10%        N/A       3%          2
 Arcjolt                  Conj/Air       7%         1d17      16%         5
 Vhi's Electric Charge    Tloc/Air       12%        N/A       19%         3
 Plasma Beam              Fire/Air       9%         2x1d21    54%         6


Dungeon Overview and Level Annotations

Branches:
Dungeon (8/15)             Temple (1/1) D:4
   Lair: D:8-11

Altars:
Ashenzari
Cheibriados
Dithmenos
Fedhas
Gozag
Hepliaklqana
Kikubaaqudgha
Makhleb
Nemelex Xobeh
Okawaru
Qazlal
Ru
Sif Muna
Trog
Uskayaw
Vehumet
Wu Jian
Xom

Shops:
D:7 *


Innate Abilities, Weirdness & Mutations

You are a tree.
Your roots penetrate the ground, keeping you stationary.
You cannot be teleported.
You are immune to unholy pain and torment.
Your maximum health is greatly increased.
Your equipment is partially melded.
(You are completely covered in rugged brown scales. (AC +3, +7% HP))
You sometimes gain power by taking damage.
((Your touch may inflict minor irresistible damage on your foes.))
Your mind is acute. (Int +4, Str/Dex -1)
You occasionally shout uncontrollably at your foes.
Your spells are a little easier to cast, but a little less powerful.


Message History

Confirm with . or Enter, or press ? or * to list all spells.
Casting: Flame Wave (dangerous; 1% risk of failure)
Press: ? - help, Dir - look around, f - activate A wave of flame ripples out!
The flame wave engulfs the yak!
The yak is heavily wounded.
The flame wave engulfs the death yak.
The death yak is heavily wounded.
The flame wave engulfs the yak.
The yak is almost dead. (Press . to intensify the flame waves.)
The death yak is engulfed in a cloud of scalding steam.
The death yak gores you!!
* * * LOW HITPOINT WARNING * * *
The yak gores you but does no damage.
The yak is engulfed in a cloud of scalding steam.
The yak closely misses you.
A wave of flame ripples out!
The flame wave engulfs the yak!
You kill the yak!
Vehumet accepts your kill.
You feel your power returning.
The flame wave engulfs the death yak but does no damage.
The death yak is heavily wounded.
The flame wave engulfs the yak.
You kill the yak!
Vehumet accepts your kill.
You feel your power returning. The death yak gores you!
* * * LOW HITPOINT WARNING * * *
Unknown command.
Really quaff the potion of lignification?
You turn into a tree.
Your +0 cloak of stealth melds into your body.
Your +0 helmet melds into your body.
Your +0 pair of boots melds into your body.
Your +0 steam dragon scales melds into your body.
You feel less stealthy.
Your roots penetrate the ground.
The death yak gores you but does no damage.
You barely miss the death yak.
The death yak is heavily wounded.
The death yak gores you.
You die...

..............≈≈≈~........##.#
....##.#.....~≈≈≈≈~.....#..#.#
....##.#.....~≈≈≈≈......#..# #
.......#......≈≈≈≈.........#
..............≈≈≈.......#..#
......#........≈........#...
....###........§........# #.
##### #........≈........#
....####'†♣####....#
#....#....§Y†..#....#
#....####.§.####....# #....#
+.~.+ .. #.~.# ..~.( ##.~.#
..~..


You could see a death yak.

Vanquished Creatures
  The ghost of comborobin the Trooper, a novice GrDe of Cheibriados (D:6)
  8 yaks (D:8)
  Grum (D:8)
  A steam dragon (D:6)
  A water moccasin (D:7)
  3 orc warriors (D:6)
  2 sky beasts
  The ghost of dchavez06 the Ruffian, an amateur TrWr (D:3)
  2 ice beasts
  2 ogres (D:6)
  2 black bears
  4 wolves (D:8)
  2 centaurs
  2 phantoms
  A kobold brigand (D:8)
  A bullfrog (D:5)
  A scorpion (D:5)
  5 wights
  6 killer bees
  An electric eel (D:8)
  A howler monkey (D:5)
  3 hounds
  3 jellies
  5 orc priests
  Crazy Yiuf (D:6)
  A sleepcap (D:4)
  An iguana (D:7)
  3 orc wizards
  Robin (D:4)
  6 adders
  2 shadow imps (D:6)
  2 ufetubi
  A worm (D:3)
  2 dart slugs
  24 orcs
  6 ball pythons
  8 bats
  6 endoplasms
  3 giant cockroaches
  14 goblins
  10 hobgoblins
  10 jackals
  2 quokkas (D:1)
  11 frilled lizards
  8 kobolds
  4 rats
185 creatures vanquished.

Vanquished Creatures (collateral kills)
  A wight (D:8)
  A foxfire (D:6)
2 creatures vanquished.

Vanquished Creatures (others)
  251 foxfires
251 creatures vanquished.

Grand Total: 438 creatures vanquished

Notes
Turn   | Place    | Note
-------+----------+-------------------------------------------
     0 | D:1      | hawla the Demonspawn Fire Elementalist began the quest for
                  | the Orb.
     0 | D:1      | Reached XP level 1. HP: 13/13 MP: 3/3
   274 | D:1      | Gained mutation: You sometimes gain a little power by
                  | taking damage. [demonic ancestry]
   274 | D:1      | Reached XP level 2. HP: 10/19 MP: 1/5
   277 | D:1      | Learned a level 2 spell: Scorch
   718 | D:1      | Gained mutation: You sometimes gain power by taking damage.
                  | [demonic ancestry]
   718 | D:1      | Reached XP level 3. HP: 25/25 MP: 1/6
  1410 | D:2      | You fall into a shaft and drop 1 floor!
  1479 | D:3      | Gained mutation: You are partially covered in rugged brown
                  | scales. (AC +1, +3% HP) [demonic ancestry]
  1479 | D:3      | Reached XP level 4. HP: 24/31 MP: 5/8
  1484 | D:3      | Learned a level 4 spell: Flame Wave
  2391 | D:3      | Found a runed translucent door.
  2403 | D:3      | Noticed dchavez06's ghost (amateur TrWr)
  2987 | D:3      | Killed dchavez06's ghost
  2988 | D:3      | Reached skill level 3 in Spellcasting
  2988 | D:3      | Reached XP level 5. HP: 37/37 MP: 9/9
  3100 | D:4      | Found a staircase to the Ecumenical Temple.
  3117 | Temple   | Entered the Ecumenical Temple
  3324 | Temple   | Became a worshipper of Vehumet
  3468 | D:4      | Noticed a black bear
  3481 | D:5      | Entered Level 5 of the Dungeon
  3607 | D:4      | Killed a black bear
  3608 | D:4      | Reached skill level 1 in Fighting
  3608 | D:4      | Reached XP level 6. HP: 31/44 MP: 7/11
  4043 | D:4      | Noticed Robin
  4051 | D:4      | Killed Robin
  4489 | D:5      | Noticed an ice beast
  4494 | D:5      | Killed an ice beast
  4497 | D:5      | Gained mutation: Your touch may inflict minor irresistible
                  | damage on your foes. [demonic ancestry]
  4497 | D:5      | Reached XP level 7. HP: 49/49 MP: 0/12
  4645 | D:5      | Reached skill level 4 in Spellcasting
  4696 | D:5      | Reached * piety under Vehumet
  4696 | D:5      | Offered knowledge of Kiss of Death by Vehumet.
  4712 | D:5      | Learned a level 3 spell: Stone Arrow
  4877 | D:5      | Reached skill level 1 in Earth Magic
  4877 | D:5      | Reached skill level 1 in Evocations
  5348 | D:5      | Gained mutation: You are mostly covered in rugged brown
                  | scales. (AC +2, +5% HP) [demonic ancestry]
  5348 | D:5      | Reached XP level 8. HP: 47/58 MP: 14/14
  5671 | D:6      | Reached skill level 1 in Polearms
  5924 | D:6      | Reached skill level 5 in Spellcasting
  6078 | D:6      | Reached skill level 5 in Fire Magic
  6273 | D:6      | Offered knowledge of Searing Ray by Vehumet.
  6357 | D:6      | Found a runed translucent door.
  6358 | D:6      | Noticed Crazy Yiuf
  6461 | D:6      | Found a runed translucent gate.
  6461 | D:6      | Noticed comborobin's ghost (novice GrDe)
  6462 | D:6      | Found a runed translucent gate.
  6462 | D:6      | Identified the +7 chain mail "Umiy" {Contam Rampage rPois
                  | rC+++}
  6464 | D:6      | Found a runed translucent gate.
  6576 | D:6      | Killed Crazy Yiuf
  6673 | D:6      | Reached ** piety under Vehumet
  6765 | D:6      | Reached XP level 9. HP: 44/64 MP: 17/17
  6860 | D:6      | Reached skill level 6 in Spellcasting
  6875 | D:6      | Killed comborobin's ghost
  7520 | D:7      | Found a hide-covered altar of Uskayaw.
  7658 | D:7      | Found Cesootz's Serpentskin Sales.
  7662 | D:7      | Reached skill level 7 in Spellcasting
  7662 | D:7      | Reached skill level 5 in Conjurations
  7697 | D:7      | Bought 4 curare-tipped darts for 62 gold pieces
  7697 | D:7      | Bought a scroll of poison for 52 gold pieces
  7697 | D:7      | Bought 5 curare-tipped darts for 78 gold pieces
  7757 | D:7      | Found a broken altar of Ashenzari.
  7918 | D:7      | Learned a level 4 spell: Olgreb's Toxic Radiance
  7943 | D:8      | Noticed Grum
  7947 | D:8      | Offered knowledge of Momentum Strike by Vehumet.
  7949 | D:8      | Killed Grum
  7956 | D:8      | Reached skill level 1 in Staves
  7981 | D:8      | Gained mutation: Your spells are a little easier to cast,
                  | but a little less powerful. [potion of mutation]
  7981 | D:8      | Gained mutation: You occasionally shout uncontrollably at
                  | your foes. [potion of mutation]
  7981 | D:8      | Gained mutation: Your mind is acute. (Int +4, Str/Dex -1)
                  | [potion of mutation]
  8378 | D:8      | Noticed a death yak
  8383 | D:8      | Gained mutation: You are completely covered in rugged brown
                  | scales. (AC +3, +7% HP) [demonic ancestry]
  8383 | D:8      | Reached XP level 10. HP: 59/71 MP: 20/20
  8384 | D:8      | Reached skill level 5 in Poison Magic
  8385 | D:8      | Reached *** piety under Vehumet
  8390 | D:8      | HP: 2/71 [death yak (8)]
  8392 | D:8      | Slain by a death yak

Illustrated notes

Levels and vault maps discovered:
D:1:      dpeg_arrival_fog, layout_basic, minmay_lizard_king
D:2:      layout_loops_ring, hangedman_glass_teeth, corner_web_ring,
          dreamdust_princess_bridge
D:3:      layout_basic, ebering_ghost_reflecting_pool, hex_large,
          serial_bayou_crossing
D:4:      layout_basic, minmay_temple_entry_overgrown, uniq_robin
D:5:      layout_loops_cross
D:6:      layout_rooms, biasface_ghost_orc_armoury, uniq_crazy_yiuf_cottage
D:7:      layout_cave_pools, kennysheep_mini, mainiacjoe_overflow_tiny_flanked,
          guppyfry_shop_venom
D:8:      argonaut_augean_stables, layout_basic, gammafunk_ghost_grave,
          enter_bailey_7, uniq_grum
Temple:   nicolae_temple_bog_church

Skill      XL: |  1  2  3  4  5  6  7  8  9 10 |
---------------+-------------------------------+-----
Stealth        | 2 3 |  3.1
Dodging        | 2 3 |  3.9
Fire Magic     | 3 4 5 6 |  6.4
Conjurations   | 3 4 5 |  5.0
Spellcasting   | 3 4 5 7 |  7.0
Fighting       | 1 2 |  2.1
Earth Magic    | 3 |  3.7
Evocations     | 1 3 |  3.0
Polearms       | 1 |  1.0
Poison Magic   | 4 6 |  6.7
Staves         | 1 |  1.7

Action                     |  1- 3 |  4- 6 |  7- 9 | 10-12 || total
---------------------------+-------+-------+-------+-------++-------
  Melee: Unarmed           |    38 |    50 |       |       ||    88
         Trident           |       |     8 |    35 |       ||    43
         Spear             |       |       |    18 |       ||    18
         Touch             |       |       |    10 |       ||    10
         Punch             |       |       |     1 |       ||     1
         Quarterstaff      |       |       |     7 |     1 ||     8
   Cast: Foxfire           |    45 |    20 |    81 |       ||   146
         Scorch            |     9 |    29 |    54 |       ||    92
         Flame Wave        |       |     6 |    15 |     3 ||    24
         Stone Arrow       |       |       |     7 |       ||     7
    Use: Potion            |     2 |     4 |     3 |     2 ||    11
         Scroll            |     1 |     5 |     9 |       ||    15
   Stab: Sleeping          |     2 |     1 |     2 |       ||     5
 Armour: Robe              |    23 |    44 |    18 |       ||    85
         Steam dragon scal |       |       |    23 |     4 ||    27
         Skin              |       |       |       |     1 ||     1
  Dodge: Dodged            |    51 |    87 |   109 |     6 ||   253
